 Dungeon Crawl Stone Soup version 0.21-a0-215-g0631661 (webtiles) character file.

2602 Leszczynek the Grappler (level 9, -1/88 HPs)
             Began as a Troll Skald on Aug 22, 2017.
             Was a Believer of Makhleb.
             Slain by a manticore (12 damage)
             ... on level 7 of the Dungeon.
             The game lasted 00:14:28 (2589 turns).

Leszczynek the Grappler (Troll Skald)               Turns: 2589, Time: 00:14:29

Health: -1/88      AC:  5    Str: 21    XL:     9   Next: 33%
Magic:  9/9        EV:  9    Int: 11    God:    Makhleb [**....]
Gold:   159        SH:  9    Dex: 10    Spells: 5/10 levels left

rFire    + . .     SeeInvis .     - Unarmed
rCold    . . .     Gourm    +   c - +0 shield
rNeg     . . .     Faith    .   p - +0 robe {rF+}
rPois    +         Spirit   .   (helmet restricted)
rElec    .         Reflect  .   (no cloak)
rCorr    .         Harm     .   (gloves unavailable)
MR       .....                  (boots unavailable)
Stlth    +.........             (no amulet)
HPRegen  0.64/turn              j - ring of poison resistance
MPRegen  0.11/turn              (no ring)

@: no status effects
A: unfitting armour, claws 3, fast metabolism 3, gourmand, regeneration 1,
shaggy fur 1, tough skin 2
a: Minor Destruction, Renounce Religion


You were on level 7 of the Dungeon.
You worshipped Makhleb.
Makhleb was pleased with you.
You were very full.

You visited 2 branches of the dungeon, and saw 9 of its levels.

You collected 159 gold pieces.

Inventory:

Hand Weapons
 m - the +9 whip of Zin's Pride {slash, rC+, unknown}
   (You found it on level 5 of the Dungeon)

   It inflicts extra damage upon your enemies.
   It protects you from cold.
Missiles
 q - 3 tomahawks (quivered)
 u - 6 javelins
Armour
 c - a +0 shield (worn)
 p - a +0 robe of fire resistance (worn)
Jewellery
 j - a ring of poison resistance (left claw)
Wands
 i - a wand of flame (14/48)
 l - a wand of disintegration (10/24)
Scrolls
 f - a scroll of identify {@r1}
 h - 2 scrolls of teleportation
Potions
 a - 3 potions of curing {@q1}
Books
 b - a book of Battle

   Spells                             Type                      Level
   a - Infusion                       Charms                       1
   b - Shroud of Golubria             Charms/Translocation         2
   c - Song of Slaying                Charms                       2
   d - Spectral Weapon                Hexes/Charms                 3
   e - Regeneration                   Charms/Necromancy            3
Comestibles
 d - 4 bread rations
 s - 4 fruits
 t - 2 meat rations


   Skills:
 * Level 5.0 Fighting
 - Level 1.9 Dodging
 + Level 5.9 Shields
 - Level 9.0 Unarmed Combat
 - Level 1.2 Spellcasting
 - Level 2.0 Charms


You had 5 spell levels left.
You knew the following spells:

 Your Spells              Type           Power        Failure   Level  Hunger
a - Infusion              Chrm           #...         26%         1    ##.....
b - Shroud of Golubria    Chrm/Tloc      #.........   52%         2    ###....
c - Animate Skeleton      Necr           N/A          52%         1    ##.....
A - Apportation           Tloc           #.....       52%         1    ##.....


Dungeon Overview and Level Annotations

Branches:
Dungeon (8/15)             Temple (1/1) D:4            Lair (0/6) D:8

Altars:
Cheibriados
Dithmenos
Makhleb
Okawaru
Qazlal
Vehumet
Wu Jian
Xom
Zin
The Shining One

Annotations:
D:7 something funny in the center


Innate Abilities, Weirdness & Mutations

You are too large for most types of armour.
You have claws for hands.
Your metabolism is lightning-fast.
You like to eat raw meat.
Your natural rate of healing is unusually fast.
You are covered in fur. (AC +1)
You have very tough skin. (AC +2)


Message History

You claw the manticore!
The manticore is heavily wounded.
The manticore bites you!!
* * * LOW HITPOINT WARNING * * *
The manticore claws you.
* * * LOW HITPOINT WARNING * * *
You block the manticore's attack.
Unknown command.
You claw the manticore!
The manticore is severely wounded.
The manticore bites you but does no damage.
You block the manticore's attack. x2
You claw the manticore!
The manticore is almost dead.
You barely miss the manticore.
The manticore is almost dead.
The manticore barely misses you. The manticore claws you!
* * * LOW HITPOINT WARNING * * *
The manticore claws you!
You die...

.....####...#.##.####.....####...
.....'.....).................'...
.....####..)#.##.###.##.).#.##...
(...## #........# #.....##.###..
...## ##....#### #..#####.# ##.
..## #.#### #..# #.# ## '##
################# ### # .#
#8.......(Ha..... #### .#
#........@#...... ###...
.#######.........# ..... #.#.##
.......#........8# .... #.#.##
..#########'###### ### #.....
..#>...#....# ###.##
.##....#....# #.## ..#....#....#
#... .##....รท....# ####
.############


You could see a manticore and a worker ant.

Vanquished Creatures
  The ghost of namelastname112 the Scholar of Death, a novice DDNe of Kikubaaqudgha (D:8)
  A hippogriff (D:6)
  A hungry ghost (D:7)
  2 hell hounds (D:8)
  A sky beast (D:6)
  An ice beast (D:7)
  An orc warrior (D:8)
  An ogre (D:7)
  4 centaurs
  3 bullfrogs
  A scorpion (D:5)
  3 bullfrog zombies
  A quasit (D:7)
  2 bullfrog skeletons
  A jelly (D:7)
  4 orc priests
  2 iguanas
  3 orc wizards
  2 worker ants (D:5)
  An adder (D:8)
  3 shadow imps
  A worm (D:3)
  An adder skeleton (D:7)
  A dart slug (D:2)
  A leopard gecko (D:8)
  19 orcs
  3 bats
  A giant cockroach (D:4)
  A goblin (D:2)
  2 hobgoblins
  3 quokkas
  A frilled lizard (D:5)
  2 kobolds
  A quokka skeleton (D:8)
76 creatures vanquished.

Notes
Turn   | Place    | Note
-------+----------+-------------------------------------------
     0 | D:1      | Leszczynek the Troll Skald began the quest for the Orb.
     0 | D:1      | Reached XP level 1. HP: 19/19 MP: 1/1
     0 | D:1      | boy this is getting repetitive
   206 | D:2      | Reached XP level 2. HP: 27/27 MP: 2/2
   240 | D:3      | Learned a level 2 spell: Shroud of Golubria
   272 | D:4      | Found a staircase to the Ecumenical Temple.
   272 | D:4      | Noticed a phantom
   280 | Temple   | Entered the Ecumenical Temple
   374 | Temple   | Became a worshipper of Makhleb the Destroyer
   474 | D:5      | Entered Level 5 of the Dungeon
   535 | D:3      | Reached skill level 1 in Shields
   657 | D:5      | Reached skill level 3 in Unarmed Combat
   657 | D:5      | Reached XP level 3. HP: 19/33 MP: 3/3
   687 | D:5      | Reached XP level 4. HP: 27/41 MP: 1/4
   696 | D:5      | Noticed a centaur
   707 | D:5      | HP: 3/41 [centaur (10)]
   709 | D:5      | Killed a centaur
   709 | D:5      | Reached skill level 2 in Shields
   709 | D:5      | Reached skill level 4 in Unarmed Combat
   709 | D:5      | Reached XP level 5. HP: 11/48 MP: 3/5
   785 | D:5      | Got a smoking whip
   882 | D:5      | Reached skill level 5 in Unarmed Combat
   883 | D:5      | Reached XP level 6. HP: 51/55 MP: 6/6
   958 | D:6      | Reached * piety under Makhleb
  1002 | D:6      | Reached skill level 3 in Shields
  1097 | D:7      | Reached skill level 6 in Unarmed Combat
  1145 | D:7      | Noticed a hippogriff
  1212 | D:6      | Killed a hippogriff
  1212 | D:6      | Reached XP level 7. HP: 25/62 MP: 7/7
  1268 | D:6      | Reached skill level 7 in Unarmed Combat
  1358 | D:6      | Reached skill level 4 in Shields
  1477 | D:7      | Reached XP level 8. HP: 70/70 MP: 8/8
  1512 | D:7      | Reached skill level 8 in Unarmed Combat
  1530 | D:7      | wtf, it's completely closed off from all sides
  1584 | D:8      | Found a staircase to the Lair.
  1707 | D:7      | Learned a level 1 spell: Apportation
  1709 | D:7      | Learned a level 1 spell: Animate Skeleton
  2001 | D:8      | Reached skill level 9 in Unarmed Combat
  2016 | D:8      | Noticed namelastname112's ghost (novice DDNe)
  2102 | D:8      | Reached skill level 2 in Fighting
  2113 | D:8      | HP: 8/72 [centaur/arrow (8)]
  2123 | D:7      | Reached skill level 5 in Shields
  2145 | D:7      | that's nice, because there are no otherfucking stairs here
  2366 | D:7      | nope, none at all
  2420 | D:7      | something really funny closed itself off in the center of the map
  2420 | D:7      | and took two stairs
  2420 | D:7      | great
  2433 | D:8      | Reached skill level 3 in Fighting
  2451 | D:8      | Killed namelastname112's ghost
  2451 | D:8      | Reached skill level 4 in Fighting
  2451 | D:8      | Reached XP level 9. HP: 33/85 MP: 9/9
  2460 | D:8      | it only took almost all my consumables
  2460 | D:8      | this is fine
  2518 | D:8      | Reached ** piety under Makhleb
  2568 | D:7      | Noticed a manticore
  2582 | D:7      | Reached skill level 5 in Fighting
  2589 | D:7      | HP: 11/88 [manticore (9)]
  2589 | D:7      | Slain by a manticore

Vault maps used:
D:1:      onia_arrival_mini_spirals
D:4:      grunt_temple_overflow_open, minmay_temple_entry_hall, first_bread,
          kennysheep_generic_room_7
D:5:      lemuel_coloured_pillars_altar, old_standard_altar
D:7:      minmay_klotski
D:8:      minmay_lair_entry_lava, hangedman_little_slice_of_home, uniq_maurice
Temple:   dpeg_chambers_temple

Skill      XL: |  1  2  3  4  5  6  7  8  9 |
---------------+----------------------------+-----
Shields        | 1 2 3 4 5 |  5.9
Unarmed Combat | 3 4 5 6 7 9 |  9.0
Fighting       | 4 5 |  5.0
Dodging        | |  1.9
Spellcasting   | |  1.2
Charms         | |  2.0

Action                   |  1- 3 |  4- 6 |  7- 9 || total
-------------------------+-------+-------+-------++-------
Melee: Unarmed           |    58 |    93 |   164 ||   315
  Use: Potion            |       |     2 |     4 ||     6
       Scroll            |       |       |     6 ||     6
  Eat: Chunk             |    11 |     5 |    17 ||    33
Armor: Robe              |    14 |    30 |    44 ||    88
Dodge: Dodged            |    38 |    21 |    45 ||   104
Block: Shield            |       |    31 |    74 ||   105

Table legend:
 A = Spawn XP
 B = Non-spawn XP
 C = Spawn XP percentage of total XP
 D = Spawn monster count
 E = Non-spawn monster count
 F = Spawn count percentage of total count
 G = Total turns spent on level
                    A         B        C        D         E        F      G
               +---------+---------+-------+---------+---------+-------+---------
         Total |     160 |    3558 |   4.3 |       5 |      71 |   6.6 |  2589
               +---------+---------+-------+---------+---------+-------+---------
           D:1 |       0 |       5 |   0.0 |       0 |       3 |   0.0 |   124
           D:2 |       0 |      10 |   0.0 |       0 |       4 |   0.0 |    95
           D:3 |       6 |       6 |  50.0 |       1 |       3 |  25.0 |   159
           D:4 |       0 |       5 |   0.0 |       0 |       2 |   0.0 |   141
           D:5 |       0 |     349 |   0.0 |       0 |      11 |   0.0 |   251
           D:6 |       0 |     715 |   0.0 |       0 |      17 |   0.0 |   392
           D:7 |     151 |    1075 |  12.3 |       3 |      21 |  12.5 |  1073
           D:8 |       3 |    1393 |   0.2 |       1 |      10 |   9.1 |   238
               +---------+---------+-------+---------+---------+-------+---------
